 Dungeon Crawl Stone Soup version 0.24.0-35-gdb84b6a5db (webtiles) character file.

Game seed: 13283572789483902486, levelgen mode: deterministic

18724 Metae the Prestidigitator (level 12, -5/120 HPs)
             Began as a Deep Dwarf Fighter on Nov 17, 2019.
             Was the Champion of Okawaru.
             Slain by a balrug
             ... wielding a +0 demon whip of electrocution
             ... summoned by Asterion
              (14 damage)
             ... on level 1 of the Elven Halls.
             The game lasted 01:23:16 (10736 turns).

Metae the Prestidigitator (Deep Dwarf Fighter)     Turns: 10736, Time: 01:23:17

Health: -5/120     AC: 24    Str: 24    XL:     12   Next: 30%
Magic:  0/4        EV: 11    Int: 14    God:    Okawaru [******]
Gold:   172        SH:  6    Dex: 13    Spells: 13/13 levels left

rFire    . . .     SeeInvis .   a - +10 demon whip "Jyaf" {venom, Int+2}
rCold    . . .     Gourm    .   s - +0 buckler "Jujoyn" {rElec Int+3 Stlth-}
rNeg     . . .     Faith    .   w - +0 chain mail
rPois    +         Spirit   .   M - +2 hat
rElec    +         Reflect  .   L - +2 cloak
rCorr    .         Harm     .   l - +1 pair of gloves
MR       +....                  T - +2 pair of boots
Stlth    ..........             C - amulet of inaccuracy (curse)
HPRegen  0.00/turn              x - ring of poison resistance
MPRegen  0.09/turn              r - +2 ring of slaying

@: heroism, non-regenerating, drained
A: damage resistance, heal wounds, sense surroundings 2, no regeneration
a: Heal Wounds, Heroism, Finesse, Renounce Religion


You were on level 1 of the Elven Halls.
You worshipped Okawaru.
Okawaru was exalted by your worship.
You were not hungry.

You visited 4 branches of the dungeon, and saw 13 of its levels.

You collected 922 gold pieces.
You spent 750 gold pieces at shops.

Inventory:

Hand Weapons
 a - the +10 demon whip "Jyaf" (weapon) {venom, Int+2}
   (Okawaru gifted it to you on level 9 of the Dungeon)

   It poisons the flesh of those it strikes.
   It affects your intelligence (+2).
 b - a +1 fustibalus of flaming
 B - a +3 broad axe of freezing
 H - the +6 flail of Responsibility {crush, +Fly Stlth+}
   (You found it on level 9 of the Dungeon)

   It inflicts extra damage upon your enemies.
   It lets you fly.
   It makes you more stealthy.
 J - the +2 hand axe of Absolution {speed, Stlth+}
   (You found it on level 7 of the Dungeon)

   Attacks with this weapon are significantly faster.
   It makes you more stealthy.
 K - the +5 morningstar of Perversion {protect, +Rage Stlth+}
   (You bought it in a shop on level 7 of the Dungeon)

   It grants its wielder temporary protection when it strikes (+7 to AC).
   It lets you go berserk.
   It makes you more stealthy.
 X - a +1 broad axe of venom
Missiles
 o - 125 sling bullets
 N - 127 arrows
 W - 356 bolts
Armour
 c - a +0 shield
 j - a +0 plate armour
 l - a +1 pair of gloves (worn)
 s - the +0 buckler "Jujoyn" (worn) {rElec Int+3 Stlth-}
   (You found it on level 4 of the Dungeon)

   It affects your intelligence (+3).
   It insulates you from electricity.
   It makes you less stealthy.
 w - a +0 chain mail (worn)
 L - a +2 cloak (worn)
 M - a +2 hat (worn)
 T - a +2 pair of boots (worn)
Magical Staves
 E - an uncursed staff of wizardry {unknown}
Jewellery
 n - a +1 ring of protection
 r - a +2 ring of slaying (right hand)
 x - a ring of poison resistance (left hand)
 C - a cursed amulet of inaccuracy (around neck)
 F - an uncursed ring of protection from fire
Wands
 i - a wand of flame (35)
 k - a wand of random effects (25)
 u - a wand of paralysis (37)
 y - a wand of iceblast (2)
 D - a wand of enslavement (6)
 O - a wand of acid (12)
 P - a wand of polymorph (8)
Scrolls
 e - a scroll of fear
 g - 3 scrolls of teleportation
 t - a scroll of noise
 G - a scroll of blinking
 Y - a scroll of remove curse
Potions
 d - a potion of might
 h - 3 potions of agility
 m - 2 potions of lignification
 p - 3 potions of degeneration
 v - 4 potions of curing
 z - 3 potions of flight
 A - 2 potions of resistance
 Q - a potion of mutation {unknown}
 R - a potion of haste
 S - a potion of magic {unknown}
 U - a potion of invisibility
Comestibles
 f - 12 rations
 I - 5 chunks of flesh


   Skills:
 - Level 11.1(15.1) Fighting
   Level 4.4(8.6) Long Blades
 - Level 2.1(10.2) Axes
 + Level 8.1(12.4) Maces & Flails
 + Level 4.6(8.8) Throwing
 + Level 8.3(12.4) Armour
 - Level 5.7(9.9) Shields
 + Level 1.1(0.5) Spellcasting
 - Level 5.9(5.2) Invocations
 + Level 11.3(10.5) Evocations


You had 13 spell levels left.
You didn't know any spells.
Your spell library was empty.

Dungeon Overview and Level Annotations

Branches:
Dungeon (9/15)             Temple (1/1) D:4             Orc (2/2) D:9
    Elf (1/3) Orc:2
   Lair: D:8-11

Altars:
Ashenzari
Cheibriados
Dithmenos
Elyvilon
Fedhas
Gozag
Hepliaklqana
Kikubaaqudgha
Makhleb
Nemelex Xobeh
Okawaru
Qazlal
Ru
Sif Muna
Trog
Uskayaw
Vehumet
Wu Jian
Xom
Yredelemnul
Zin
The Shining One
Lugonu

Shops:
D:7 (   D:8 *   Orc:2 (?!!

Annotations:
Orc:1 exclusion: oklob plant
Elf:1 Asterion


Innate Abilities, Weirdness & Mutations

You are resistant to damage.
You can heal yourself by infusing magical energy.
You passively map the area around you.
You do not regenerate.


Message History

You feel much better.
Asterion hits you with a +2 antimagic broad axe!
You block Asterion's attack.
The deep elf mage mumbles some strange words.
The deep elf mage blinks!
The balrug closely misses you. Asterion blocks your attack.
Asterion is moderately wounded.
Asterion barely misses you. Asterion gores you.
You thrash Asterion!!
Asterion looks as sick as possible!
Asterion is heavily wounded.
You block the balrug's attack.
You thrash Asterion!!
Asterion looks as sick as possible!
Asterion is severely wounded.
Asterion conjures a destructive force in the name of Makhleb!
The bolt of negative energy hits you!!!
You feel drained.
* * * LOW HITPOINT WARNING * * *
The bolt of negative energy hits the balrug.
The balrug completely resists.
The balrug hits you with a +0 demon whip of electrocution!
You die...

* ############**
** * #......#....
* +
,,+........./., *
, , +......H....,
* #..........., *
#....e>....
#.....# * ,
##'#####++# ,*
#...H@2...# *
#..#####..# #..# #
* ### ##''#####++#
#..#*##...........
#...##............
#....#............
*
#.................
*
#.................


You could see Asterion and a balrug.

Vanquished Creatures
  Gastronok (D:9)
  Erolcha (D:9)
  A two-headed ogre (Orc:2)
  2 dancing weapons (Elf:1)
  2 deep elf knights (Elf:1)
  An orc knight (Orc:2)
  An orc sorcerer (Orc:1)
  8 deep elf magi (Elf:1)
  A troll (Orc:1)
  A hippogriff (D:9)
  An air elemental (Elf:1)
  A human (D:7)
  2 water elementals (Elf:1)
  A wyvern (D:8)
  4 hogs (D:7)
  A steam dragon (D:7)
  3 wargs
  29 orc warriors
  An ice beast (D:6)
  A black bear (D:7)
  2 phantoms
  4 sky beasts
  A necrophage (D:9)
  9 ogres
  10 centaurs
  A big kobold (D:8)
  3 bullfrogs
  2 scorpions
  3 killer bees (D:9)
  A howler monkey (D:9)
  3 crimson imps
  9 orc priests
  3 hounds
  A bullfrog zombie (D:6)
  3 jellies
  16 orc wizards
  Ijyb (D:4)
  11 worker ants
  A killer bee zombie (D:7)
  A howler monkey skeleton (D:4)
  5 adders
  2 shadow imps
  A white imp (D:4)
  2 oozes
  An adder zombie (D:6)
  2 adder skeletons
  4 worms
  2 dart slugs
  9 leopard geckos
  48 orcs
  10 bats
  11 giant cockroaches
  5 goblins
  6 hobgoblins
  8 jackals
  4 quokkas
  9 frilled lizards
  3 hobgoblin zombies (D:4)
  A jackal skeleton (D:8)
  12 kobolds
  2 kobold skeletons (D:4)
  2 kobold zombies (D:4)
  An orc skeleton (D:4)
  A quokka zombie (D:9)
  11 rats
310 creatures vanquished.

Notes
Turn   | Place    | Note
-------+----------+-------------------------------------------
     0 | D:1      | Metae the Deep Dwarf Fighter began the quest for the Orb.
     0 | D:1      | Reached XP level 1. HP: 20/20 MP: 1/1
    71 | D:1      | Reached XP level 2. HP: 21/28 MP: 2/2
   580 | D:1      | Reached XP level 3. HP: 22/36 MP: 3/3
  1281 | D:2      | Found a white marble altar of Elyvilon.
  1347 | D:2      | Reached XP level 4. HP: 39/45 MP: 3/3
  1930 | D:3      | Found an ornate altar of the Wu Jian Council.
  2229 | D:3      | Reached skill level 5 in Fighting
  2859 | D:4      | Noticed Ijyb
  2873 | D:4      | Killed Ijyb
  2873 | D:4      | Reached XP level 5. HP: 41/52 MP: 4/4
  2917 | D:4      | Noticed a phantom
  2950 | D:4      | Killed a phantom
  3023 | D:4      | Reached XP level 6. HP: 46/62 MP: 5/5
  3070 | D:4      | Found a hide-covered altar of Uskayaw.
  3144 | D:4      | Got a spiked buckler
  3155 | D:4      | Identified the +0 buckler "Jujoyn" {rElec Int+3 Stlth-}
                  | (You found it on level 4 of the Dungeon)
  3325 | D:4      | Found a staircase to the Ecumenical Temple.
  3343 | Temple   | Entered the Ecumenical Temple
  3345 | Temple   | Reached skill level 1 in Evocations
  3459 | Temple   | Became a worshipper of Warmaster Okawaru
  3570 | D:4      | Reached XP level 7. HP: 26/70 MP: 6/6
  3581 | D:4      | Reached skill level 1 in Invocations
  3630 | D:4      | Found a glowing golden altar of the Shining One.
  3774 | D:4      | Found a bloodstained altar of Trog.
  3860 | D:5      | Entered Level 5 of the Dungeon
  3873 | D:5      | Reached skill level 1 in Long Blades
  3990 | D:5      | Found a shattered altar of Ashenzari.
  3990 | D:5      | Found a snail-covered altar of Cheibriados.
  3991 | D:5      | Found an ancient bone altar of Kikubaaqudgha.
  4067 | D:5      | Found a glowing silver altar of Zin.
  4255 | D:5      | Reached * piety under Okawaru
  4275 | D:5      | Found a shimmering altar of Xom.
  4277 | D:5      | Found a blossoming altar of Fedhas.
  4277 | D:5      | Found a shimmering altar of Xom.
  4279 | D:5      | Found a sparkling altar of Nemelex Xobeh.
  4279 | D:5      | Found a radiant altar of Vehumet.
  4279 | D:5      | Found a hide-covered altar of Uskayaw.
  4572 | D:6      | Found a blossoming altar of Fedhas.
  4670 | D:6      | Reached skill level 5 in Shields
  4670 | D:6      | Reached XP level 8. HP: 76/80 MP: 7/7
  4841 | D:6      | Found a shattered altar of Ashenzari.
  4901 | D:6      | Found a sacrificial altar of Ru.
  5109 | D:6      | Reached ** piety under Okawaru
  5227 | D:6      | Found a burning altar of Makhleb.
  5802 | D:7      | Reached skill level 5 in Invocations
  6009 | D:7      | Got a dazzling hand axe
  6010 | D:7      | Identified the cursed +2 hand axe of Absolution {speed,
                  | Stlth+} (You found it on level 7 of the Dungeon)
  6041 | D:7      | Found Sasus's Antique Weapon Boutique.
  6057 | D:7      | Bought an iridescent morningstar for 270 gold pieces
  6057 | D:7      | Identified the +5 morningstar of Perversion {protect, +Rage
                  | Stlth+} (You bought it in a shop on level 7 of the Dungeon)
  6236 | D:7      | Gained mutation: You passively map the area around you.
                  | [Deep Dwarf growth]
  6236 | D:7      | Reached XP level 9. HP: 82/88 MP: 10/10
  6241 | D:7      | Reached skill level 1 in Maces & Flails
  6423 | D:7      | Reached *** piety under Okawaru
  6644 | D:8      | Reached skill level 5 in Evocations
  6794 | D:8      | Reached **** piety under Okawaru
  6961 | D:8      | Found Zatzolet's General Store.
  7255 | D:9      | Noticed Gastronok
  7257 | D:9      | Found a shadowy altar of Dithmenos.
  7273 | D:9      | Killed Gastronok
  7273 | D:9      | Reached ***** piety under Okawaru
  7273 | D:9      | Received a gift from Okawaru
  7273 | D:9      | Reached skill level 10 in Fighting
  7273 | D:9      | Reached XP level 10. HP: 44/102 MP: 10/13
  7282 | D:9      | Got a smoking demon whip {god gift}
  7306 | D:9      | Identified the +10 demon whip "Jyaf" {venom, Int+2}
                  | (Okawaru gifted it to you on level 9 of the Dungeon)
  7362 | D:9      | Found a sparkling altar of Nemelex Xobeh.
  7402 | D:9      | Noticed Erolcha
  7415 | D:9      | Killed Erolcha
  7423 | D:9      | Found a staircase to the Orcish Mines.
  7860 | D:9      | Reached skill level 10 in Evocations
  8096 | D:9      | Found an opulent altar of Gozag.
  8107 | D:9      | Got a warped flail
  8108 | D:9      | Identified the +6 flail of Responsibility {crush, +Fly
                  | Stlth+} (You found it on level 9 of the Dungeon)
  8154 | Orc:1    | Entered Level 1 of the Orcish Mines
  8246 | Orc:1    | Noticed an oklob plant
  8296 | Orc:1    | Noticed an orc sorcerer
  8304 | Orc:1    | Killed an orc sorcerer
  8304 | Orc:1    | Received a gift from Okawaru
  8334 | Orc:1    | Reached XP level 11. HP: 70/111 MP: 15/15
  9034 | Orc:2    | Entered Level 2 of the Orcish Mines
  9034 | Orc:2    | Found a staircase to the Elven Halls.
  9155 | Orc:2    | Received a gift from Okawaru
  9224 | Orc:2    | Noticed an orc knight
  9239 | Orc:2    | Reached skill level 5 in Maces & Flails
  9266 | Orc:2    | Killed an orc knight
  9266 | Orc:2    | Reached skill level 5 in Armour
  9410 | Orc:2    | Received a gift from Okawaru
  9459 | Orc:2    | Reached skill level 1 in Throwing
  9471 | Orc:2    | Found Ahuxzysa's Magic Scroll Shoppe.
  9471 | Orc:2    | Found Usoxt's Distillery.
  9503 | Orc:2    | Found Nierruf's Antique Weapon Emporium.
  9505 | Orc:2    | Found Haxzim's Distillery.
  9512 | Orc:2    | Bought a scroll of remove curse for 48 gold pieces
  9514 | Orc:2    | Bought a glowing fustibalus for 432 gold pieces
  9911 | Orc:2    | Noticed a two-headed ogre
  9917 | Orc:2    | Killed a two-headed ogre
 10438 | Elf:1    | Entered Level 1 of the Elven Halls
 10438 | Elf:1    | Noticed a deep elf mage
 10438 | Elf:1    | Noticed a deep elf mage
 10438 | Elf:1    | Noticed a deep elf knight
 10440 | Elf:1    | Noticed a deep elf mage
 10441 | Elf:1    | Noticed a +2 vampiric war axe
 10441 | Elf:1    | Noticed a deep elf knight
 10448 | Elf:1    | Noticed a deep elf mage
 10449 | Elf:1    | Noticed a deep elf mage
 10452 | Elf:1    | Noticed a deep elf mage
 10454 | Elf:1    | Killed a deep elf mage
 10464 | Elf:1    | Killed a deep elf knight
 10477 | Elf:1    | Noticed a sixfirhy
 10488 | Elf:1    | Killed a +2 vampiric war axe
 10498 | Elf:1    | Noticed a sixfirhy
 10512 | Elf:1    | Killed a deep elf mage
 10521 | Elf:1    | Noticed a deep elf mage
 10531 | Elf:1    | Killed a deep elf knight
 10531 | Elf:1    | Received a gift from Okawaru
 10537 | Elf:1    | Killed a deep elf mage
 10537 | Elf:1    | Reached XP level 12. HP: 34/120 MP: 3/6
 10648 | Elf:1    | Reached ****** piety under Okawaru
 10667 | Elf:1    | Reached skill level 1 in Spellcasting
 10717 | Elf:1    | Noticed Asterion
 10726 | Elf:1    | Noticed a balrug
 10736 | Elf:1    | Slain by a balrug

Levels and vault maps discovered:
D:1:      dpeg_arrival_short_road, layout_rooms
D:2:      layout_loops_corners, old_standard_altar, nicolae_underground_beach
D:3:      layout_basic, nicolae_overflow_hidden_temple
D:4:      layout_cave_pools, eat_drink_and_be_merry_uskayaw,
          nicolae_tso_besieged_by_evil, lightli_temple_of_fire,
          minmay_temple_entry_statues_fountains, minmay_distorted, uniq_ijyb
D:5:      cheibrodos_helix_gallery, layout_loops_ring, lemuel_doored_altar,
          doesnt_xom_only_xom, gammafunk_temple_overflow_claw, first_ration
D:6:      layout_basic, fedhas_bush_and_centaur_altar, kennysheep_little_box,
          marbit_many_paths, portal_sewer_entry_f,
          chequers_serial_rivers_micro_a, nicolae_benzene_ring,
          nicolae_ashenzari_panopticon
D:7:      black_bear_nest_2, layout_basic, serial_shops,
          nicolae_shop_waterfront, grunt_livestock
D:8:      layout_basic, serial_shops, shop
D:9:      layout_basic, nicolae_dithmenos_shadow_blocks,
          lemuel_coloured_pillars_altar, kennysheep_mini, orc_0_dummy,
          uniq_erolcha, uniq_gastronok
Temple:   corrupted_temple
Orc:1:    layout_caves, mines3_lemuel
Orc:2:    st_orc_rangers, layout_caves, nicolae_orc_lava_tube,
          nicolae_orc_flooded_monolith
Elf:1:    minmay_elf_arrival_plus, layout_gridlike, orc_legates, uniq_asterion

Skill      XL: |  1  2  3  4  5  6  7  8  9 10 11 12 |
---------------+-------------------------------------+-----
Fighting       | 3 4 5 6 7 8 10 11 | 11.1
Evocations     | 2 8 10 11 | 11.3
Shields        | 4 5 |  5.7
Invocations    | 3 5 |  5.9
Long Blades    | 2 4 |  4.4
Maces & Flails | 4 7 8 |  8.1
Armour         | 7 8 |  8.3
Throwing       | 3 4 |  4.6
Spellcasting   | 1 |  1.1
Axes           | |  2.1

Action                   |  1- 3 |  4- 6 |  7- 9 | 10-12 || total
-------------------------+-------+-------+-------+-------++-------
Melee: War axe           |   128 |   160 |    10 |       ||   298
       Falchion          |       |     6 |   164 |     3 ||   173
       Morningstar       |       |       |   132 |     6 ||   138
       Demon whip        |       |       |       |   395 ||   395
 Fire: Hunting sling     |     6 |    16 |    23 |    74 ||   119
       Fustibalus        |       |       |       |    19 ||    19
Throw: Stone             |       |       |     2 |       ||     2
Invok: Heroism           |       |       |     3 |     9 ||    12
 Abil: Heal Wounds       |     1 |     5 |    16 |    40 ||    62
Evoke: Wand              |       |       |     2 |     4 ||     6
  Use: Scroll            |     3 |     9 |     3 |     8 ||    23
       Potion            |       |     1 |       |     7 ||     8
  Eat: Chunk             |     2 |     4 |     7 |     1 ||    14
       Ration            |     1 |       |     2 |     3 ||     6
Armor: Scale mail        |    75 |   105 |    95 |       ||   275
       Chain mail        |       |       |   100 |   291 ||   391
Dodge: Dodged            |    54 |    70 |   130 |   200 ||   454
Block: Shield            |    86 |    75 |       |       ||   161
       Buckler           |       |    16 |    77 |   149 ||   242
       Rpst.: Falchion   |       |       |    25 |       ||    25
